 Dungeon Crawl Stone Soup version 0.30-a0-279-g4b46babb21 (webtiles) character file.

Game seed: 13412973254722715158

547 lunkers the Cudgeller (level 7, 0/54 (59) HPs)
             Began as an Armataur Reaver on Oct 16, 2022.
             Was an Elder of Cheibriados.
             Slain by a wight
             ... wielding a +2 vorpal flail
              (7 damage)
             ... on level 5 of the Dungeon.
             The game lasted 00:04:19 (2800 turns).

lunkers the Cudgeller (Armataur Reaver)             Turns: 2800, Time: 00:04:20

HP:   0/54 (59)     AC:  5    Str: 27    XL:     7   Next: 7%
MP:   9/9           EV: 10    Int: 22    God:    Cheibriados [****..]
Gold: 237           SH:  0    Dex: 19    Spells: 6/9 levels left

rFire   x . .      SeeInvis .    b - +7 spear "Epnoxes" {vamp, rElec rF- rC+ rN+}
rCold   + . .      Faith    .    j - orb {*Rage}
rNeg    + . .      Spirit   .    p - +0 leather armour
rPois   .          Reflect  .    (no helmet)
rElec   +          Harm     .    (no cloak)
rCorr   .          Roll     +    q - +0 pair of gloves
Will    .....      Rage     20%  (no barding)
Stlth   +.........               (no amulet)
HPRegen 0.29/turn                (no ring)
MPRegen 0.11/turn                (no ring)

@: drained, very slow
A: large, rugged brown scales 3, deformed body, armoured tail, roll, long
tongue, awkward tongue
a: Renounce Religion, Bend Time, Temporal Distortion, Slouch


You were on level 5 of the Dungeon.
You worshipped Cheibriados.
Cheibriados was greatly pleased with you.
You visited 1 branch of the dungeon, and saw 5 of its levels.

You collected 237 gold pieces.

Inventory:

Hand Weapons
 a - a +0 mace
 b - the +7 spear "Epnoxes" (weapon) {vamp, rElec rF- rC+ rN+}
   (You found it on level 2 of the Dungeon)

   It occasionally heals its wielder for a portion of the damage dealt when it
   wounds a living foe.
   rF:        It makes you vulnerable to fire.
   rC:        It protects you from cold.
   rElec:     It insulates you from electricity.
   rN:        It protects you from negative energy.
 r - a +0 dagger of pain
Armour
 j - an orb of wrath (worn)
 p - a +0 leather armour (worn)
 q - a +0 pair of gloves (worn)
Wands
 d - a wand of paralysis (8)
Scrolls
 k - a scroll of vulnerability
Potions
 c - a potion of lignification
 e - 2 potions of might
 f - 2 potions of heal wounds {unknown}
 g - a potion of ambrosia {unknown}
 h - 2 potions of flight {unknown}
 i - a potion of cancellation {unknown}
 l - 3 potions of mutation {unknown}
 n - 3 potions of curing {unknown}
 o - a potion of degeneration {unknown}


   Skills:
 + Level 2.3 Fighting
 - Level 4.3 Maces & Flails
 + Level 3.9 Polearms
 - Level 1.3 Dodging
 - Level 1.7 Spellcasting
 - Level 2.6 Conjurations
 + Level 3.4 Invocations


You had 6 spell levels left.
You knew the following spells:

 Your Spells              Type           Power      Damage    Failure   Level
b - Momentum Strike       Conj/Tloc      14%        3d8       14%         2
p - Kiss of Death         Conj/Necr      28%        2d7       9%          1

Your spell library contained the following spells:

 Spells                   Type           Power      Damage    Failure   Level
 Cigotuvi's Dreadful Rot  Necr/Pois/Air  2%         N/A       24%         2
 Hailstorm                Conj/Ice       7%         3d4       26%         3
 Dispel Undead            Necr           1%         3d6       83%         4
 Death Channel            Necr           0%         N/A       100%        6


Dungeon Overview and Level Annotations

Branches:
Dungeon (5/15)
 Temple: D:4-7

Altars:
Cheibriados
Elyvilon
Makhleb

Shops:
D:3 [


Innate Abilities, Weirdness & Mutations

You are completely covered in rugged brown scales. (AC +3, +7% HP)
Armour fits poorly on your strangely shaped body.
You have a long armoured tail.
You roll when moving toward enemies. (Rampage)
Your long tongue fully drains potion bottles. (2x potion effects)
Your tongue gives you trouble enunciating. (1.5x scroll delay)


Message History

No target in view!
As you read the scroll labelled UVAVOVUAGO, it crumbles to dust.
You feel strangely unstable.
It was a scroll of teleportation.
(D) Dungeon
Where to? (Enter - D:4, ? - help)
What level of the Dungeon? (default 1, ? - help)
Your surroundings suddenly seem different.
Done exploring.
(D) Dungeon
Where to? (Enter - D:5, ? - help)
There is an open door here.
There is a stone staircase leading down here.
You climb downwards.
There is a stone staircase leading up here.
A wight comes into view. It is wielding a +0 flail.
A wight is nearby!
A wight comes into view. It is wielding a +2 vorpal flail.
There are monsters nearby!
You roll towards the wight!
You roll towards the wight!
A wight comes into view. It is wielding a +5 trident.
Found a flail.
The wight hits you with a +0 flail! You partially resist.
You feel drained. The wight hits you with a +0 flail! You partially resist.
You feel drained. The wight barely misses you.
You barely miss the wight. The wight hits you with a +0 flail.
* * * LOW HITPOINT WARNING * * *
The wight hits you with a +2 vorpal flail.
* * * LOW HITPOINT WARNING * * *
You partially resist.
You feel drained.
* * * LOW HITPOINT WARNING * * *
* * * LOW HITPOINT WARNING * * *
The wight hits you from afar with a +5 trident!
* * * LOW HITPOINT WARNING * * *
You partially resist.
You feel drained.
* * * LOW HITPOINT WARNING * * *
Unknown command.
Unknown command.
The wight attacks as you move away!
The wight hits you with a +2 vorpal flail!
You die...

.# .# .# .# )# .
.###...
#########z......
#<......@zz.....
##########......
..... ##.. .


You could see 3 wights.

Vanquished Creatures
  An ogre (D:4)
  A phantom (D:4)
  A hound (D:4)
  3 jellies (D:4)
  An orc priest (D:4)
  An orc wizard (D:4)
  7 gnolls
  4 adders (D:4)
  An ufetubus (D:4)
  4 worms
  3 dart slugs
  8 orcs (D:4)
  6 ball pythons
  6 bats
  9 endoplasms
  A giant cockroach (D:1)
  4 goblins
  5 hobgoblins
  10 jackals
  3 quokkas
  2 frilled lizards
  8 kobolds
  5 rats
  A spectral kobold (D:1)
95 creatures vanquished.

Notes
Turn   | Place    | Note
-------+----------+-------------------------------------------
     0 | D:1      | lunkers the Armataur Reaver began the quest for the Orb.
     0 | D:1      | Reached XP level 1. HP: 18/18 MP: 3/3
    93 | D:1      | Reached skill level 3 in Maces & Flails
   116 | D:1      | Reached XP level 2. HP: 25/25 MP: 4/4
   273 | D:1      | Found a faded altar of an unknown god.
   281 | D:1      | Prayed at the altar of an unknown god.
   281 | D:1      | Became a worshipper of Cheibriados the Contemplative
   281 | D:1      | Reached * piety under Cheibriados
   321 | D:1      | Reached XP level 3. HP: 12/31 MP: 5/5
   626 | D:1      | Reached skill level 4 in Maces & Flails
   724 | D:2      | Found a burning altar of Makhleb.
   777 | D:2      | Reached ** piety under Cheibriados
  1001 | D:2      | Learned a level 2 spell: Momentum Strike
  1039 | D:2      | Identified the +7 spear "Epnoxes" {vamp, rElec rF- rC+ rN+}
  1302 | D:3      | Reached XP level 4. HP: 38/38 MP: 6/6
  1350 | D:3      | Reached skill level 1 in Polearms
  1413 | D:3      | Found Konti's Antique Armour Shoppe.
  1788 | D:3      | Reached XP level 5. HP: 43/43 MP: 7/7
  1984 | D:4      | Reached *** piety under Cheibriados
  1991 | D:4      | Reached skill level 1 in Invocations
  2048 | D:4      | Noticed an ogre
  2055 | D:4      | Killed an ogre
  2056 | D:4      | Reached XP level 6. HP: 35/51 MP: 8/8
  2447 | D:4      | Reached XP level 7. HP: 58/58 MP: 9/9
  2492 | D:4      | Reached **** piety under Cheibriados
  2534 | D:4      | Found a white marble altar of Elyvilon.
  2793 | D:5      | Entered Level 5 of the Dungeon
  2800 | D:5      | Slain by a wight

Illustrated notes

Levels and vault maps discovered:
D:1:      scummos_arrival_hexagon, layout_basic,
          dreamdust_ecumenical_altar_drowned_temple
D:2:      layout_basic, basic_altar, serial_bayou_lake_a
D:3:      layout_loops_ring, serial_shops,
          nicolae_shop_temple_entry_statues_fountains, minmay_quadrilaterals
D:4:      layout_gridville, mainiacjoe_overflow_alcove_2
D:5:      layout_basic, old_standard_altar, xom_teletrap_fun,
          gammafunk_ghost_split, minmay_misc_feat_diagonals,
          serial_park_tiny_pond

Skill      XL: |  1  2  3  4  5  6 |
---------------+-------------------+-----
Maces & Flails | 3 4 |  4.3
Polearms       | 2 3 |  3.9
Invocations    | 2 3 |  3.4
Fighting       | 2 |  2.3
Dodging        | |  1.3
Spellcasting   | |  1.7
Conjurations   | |  2.6

Action                   |  1- 3 |  4- 6 |  7- 9 || total
-------------------------+-------+-------+-------++-------
Melee: Mace              |    96 |       |       ||    96
       Tailslap          |     8 |     7 |     1 ||    16
       Punch             |     1 |       |       ||     1
       Spear             |    14 |   102 |     9 ||   125
  Use: Scroll            |     6 |       |     1 ||     7
 Stab: Sleeping          |     1 |     3 |     2 ||     6
Armor: Leather armour    |    46 |    40 |     2 ||    88
Dodge: Dodged            |    54 |    70 |     2 ||   126

Table legend: (Time is in decaauts)
 A = Elapsed time spent in this place.
 B = Non-inter-level travel time spent in this place.
 C = Inter-level travel time spent in this place.
 D = Time resting spent in this place.
 E = Time spent auto-exploring this place.
 F = Levels seen in this place.
 G = Mean time per level.
                   A        B        C        D        E       F      G
               +--------+--------+--------+--------+--------+-----+--------+
         Total |   4007 |   3777 |    230 |    144 |   2904 |   5 |  801.4 |
       Dungeon |   4007 |   3777 |    230 |    144 |   2904 |   5 |  801.4 |
               +--------+--------+--------+--------+--------+-----+--------+

Top non-repeatable levels by time:
     D:4: 1193 daAuts
     D:3: 1151 daAuts
     D:1: 886 daAuts
     D:2: 765 daAuts
     D:5: 10 daAuts
